St.Louis Blues vs Washington Capitals
(R1)
Created - Friday, November 15, 2024 at 07:48
Goals
|
| St.Louis Blues |
0 |
0 |
2 |
2 |
| Washington Capitals |
1 |
2 |
3 |
6 |
|
Shots
|
| St.Louis Blues |
11 |
2 |
15 |
28 |
| Washington Capitals |
14 |
14 |
7 |
35 |
|
1st period
1. Washington Capitals , Alex Ovechkin 29 (Jason Robertson 44, Nico Hischier 38) at 16:23
Penalties :
Alex Pietrangelo (STL) for Goalie Interference (Minor) at 1:06
2nd period
2. Washington Capitals , Vladimir Tarasenko 21 (Nick Foligno 25, Owen Tippett 11) at 4:51
3. Washington Capitals , Brad Marchand 27 (Jordan Kyrou 32, Mikael Backlund 16) at 13:29
Penalties :
Mikael Backlund (WSH) for Tripping (Minor) at 8:03, Robert Thomas (STL) for Goalie Interference (Minor) at 13:52
3rd period
4. Washington Capitals , Brad Marchand 28 (Mikael Backlund 17, Jordan Kyrou 33) at 0:35
5. St.Louis Blues , Robert Thomas 25 (Jake Guentzel 52, Mikhail Sergachev 6) at 13:44
6. Washington Capitals , Brad Marchand 29 (Jordan Kyrou 34, Mikael Backlund 18) at 14:53
7. St.Louis Blues , Elias Pettersson 38 (Jack Eichel 31) at 16:12
8. Washington Capitals , Nico Hischier 23 (Alex Ovechkin 34) at 19:20
Penalties :
Fabian Zetterlund (WSH) for Holding (Minor) at 9:38, Jack Eichel (STL) for Cross-checking (Minor) at 19:31
Goalie Stats
Connor Hellebuyck (STL), 29 saves from 35 shots - (0.829), L, 27-9-6, 60:00 minutes
Jake Oettinger (WSH), 26 saves from 28 shots - (0.929), W, 24-9-2, 60:00 minutes
Players Stats for St.Louis Blues
Player Name G A P +/- PIM S H SB GA TA FO MP PP MP PK MP
------------------------------------------------------------------------------------
Alex Pietrangelo 0 0 0 -1 2 0 1 0 0 2 0/0 25:04 1:27 0:00
Alex Tuch 0 0 0 -1 0 5 2 1 1 0 0/0 13:57 1:27 0:00
Claude Giroux 0 0 0 -1 0 1 2 0 0 2 2/5 14:11 2:31 0:00
Colton Parayko 0 0 0 -1 0 0 5 0 0 3 0/0 25:19 0:00 2:25
Dakota Joshua 0 0 0 0 0 0 0 0 1 0 0/0 9:44 0:01 2:08
Elias Lindholm 0 0 0 -1 0 4 0 1 0 0 1/2 15:38 1:50 2:08
Elias Pettersson 1 0 1 -2 0 4 1 1 1 0 1/4 20:38 2:07 0:22
Jaccob Slavin 0 0 0 -1 0 0 2 1 0 0 0/0 18:39 0:00 2:01
Jack Eichel 0 1 1 -2 2 3 2 0 1 1 12/31 20:43 2:31 0:00
Jake Guentzel 0 1 1 -1 0 3 3 1 0 0 1/3 16:44 2:07 0:12
Jake Sanderson 0 0 0 -1 0 0 1 2 1 0 0/0 20:45 0:01 2:25
Lars Eller 0 0 0 0 0 0 1 0 0 0 3/3 8:03 0:00 1:56
Logan O'Connor 0 0 0 0 0 1 1 1 0 0 0/0 9:32 0:01 1:56
Mark Stone 0 0 0 -2 0 1 0 2 0 0 0/1 19:53 1:50 0:00
Mikhail Sergachev 0 1 1 -2 0 1 1 0 0 0 0/0 10:57 0:00 0:00
Nick Leddy 0 0 0 -2 0 0 1 0 0 1 0/0 13:06 0:00 2:01
Robert Thomas 1 0 1 -1 2 3 2 0 1 0 8/12 16:34 2:07 0:10
Tage Thompson 0 0 0 -1 0 2 1 0 0 1 0/0 16:04 1:50 0:00
Players Stats for Washington Capitals
Player Name G A P +/- PIM S H SB GA TA FO MP PP MP PK MP
------------------------------------------------------------------------------------
Alex Ovechkin 1 1 2 0 0 7 0 0 2 0 0/1 21:11 2:34 0:00
Brad Marchand 3 0 3 3 0 4 0 0 0 0 0/0 16:48 0:00 2:08
Derek Forbort 0 0 0 3 0 2 3 1 0 2 0/0 21:28 1:35 2:01
Drake Batherson 0 0 0 0 0 2 2 0 1 0 0/0 9:12 0:00 1:03
Fabian Zetterlund 0 0 0 0 2 0 0 0 0 0 0/1 9:02 0:00 0:57
Ian Cole 0 0 0 1 0 0 0 0 0 0 0/0 16:13 0:00 1:57
Jamie Oleksiak 0 0 0 0 0 0 0 3 0 1 0/0 22:20 1:35 2:01
Jason Robertson 0 1 1 0 0 2 3 1 1 0 0/1 21:11 2:34 0:00
John Carlson 0 0 0 0 0 1 2 2 0 1 0/0 22:19 2:51 0:00
Jordan Kyrou 0 3 3 3 0 7 1 1 3 0 0/1 16:27 1:52 0:00
Michael McLeod 0 0 0 0 0 0 1 1 0 0 1/2 7:20 0:00 0:42
Mikael Backlund 0 3 3 3 2 1 3 0 0 1 8/15 15:43 0:00 1:01
Nick Foligno 0 1 1 1 0 2 3 1 0 0 2/4 15:12 1:52 1:39
Nick Jensen 0 0 0 1 0 0 0 0 0 0 0/0 16:13 0:00 1:57
Nico Hischier 1 1 2 0 0 3 0 1 2 0 21/35 21:37 2:34 0:26
Owen Tippett 0 1 1 1 0 0 0 0 1 0 1/1 10:15 0:00 0:00
Thomas Harley 0 0 0 3 0 1 2 1 0 1 0/0 21:27 2:51 0:00
Vladimir Tarasenko 1 0 1 1 0 3 0 0 0 0 0/0 12:02 1:52 0:00
3 Stars
1 - Brad Marchand (WSH)
2 - Jordan Kyrou (WSH)
3 - Mikael Backlund (WSH)
Power Play
St.Louis Blues - 0 on 2 Attempt(s) - 0.00%
Washington Capitals - 0 on 3 Attempt(s) - 0.00%
Penalty Kill
St.Louis Blues - 3 on 3 Attempt(s) - 100.00%
- Score 0 goal in Penalty Kill
Washington Capitals - 2 on 2 Attempt(s) - 100.00%
- Score 0 goal in Penalty Kill
Team Stat
St.Louis Blues - Hits : 26 - Faceoff Wins : 28 - Blocked Shots : 10 - Penalty Minutes : 6
Washington Capitals - Hits : 20 - Faceoff Wins : 33 - Blocked Shots : 12 - Penalty Minutes : 4
Official
Referees : Brandon Schrader and Mitch Dunning
Linesman : Kyle Flemington and Michel Cormier
Game Notes
Brad Marchand has scored a Hat Trick!
Finance
Level 1 -- Attendance: 6000 (100.00%) -- Ticket Income $570,000
Level 2 -- Attendance: 4526 (90.52%) -- Ticket Income $248,930
Level 3 -- Attendance: 3000 (100.00%) -- Ticket Income $99,000
Level 4 -- Attendance: 5000 (100.00%) -- Ticket Income $110,000
Luxury Box -- Attendance: 851 (85.10%) -- Ticket Income $165,945
Game was played at the Verizon Center.
Total Attendance: 19377 (96.89%)
Total Ticket Income: $1,193,875
Other Income: $417,856
Total Income: $1,611,731
St.Louis Blues
5 vs 5 Forward
Center Left Wing Right Wing Time % Phy DF OF
1 Jack Eichel Elias Pettersson Mark Stone 40 0 2 3
2 Robert Thomas Jake Guentzel Tage Thompson 30 0 2 3
3 Claude Giroux Alex Tuch Elias Lindholm 25 0 3 2
4 Lars Eller Dakota Joshua Logan O'Connor 5 2 2 1
5 vs 5 Defense
Defense Defense Time % Phy DF OF
1 Colton Parayko Alex Pietrangelo 45 1 2 2
2 Jake Sanderson Jaccob Slavin 35 1 2 2
3 Mikhail Sergachev Nick Leddy 20 1 2 2
4 Nick Leddy Colton Parayko 0 1 2 2
PowerPlay Forward
Center Left Wing Right Wing Time % Phy DF OF
1 Robert Thomas Elias Pettersson Jake Guentzel 60 1 0 4
2 Elias Lindholm Tage Thompson Mark Stone 40 1 0 4
PowerPlay Defense
Defense Defense Time % Phy DF OF
1 Jack Eichel Claude Giroux 60 0 1 4
2 Alex Tuch Alex Pietrangelo 40 0 1 4
Penalty Kill 4 Players Forward
Center Wing Time % Phy DF OF
1 Lars Eller Logan O'Connor 50 1 4 0
2 Elias Lindholm Dakota Joshua 50 1 4 0
Penalty Kill 4 Players Defense
Defense Defense Time % Phy DF OF
1 Jake Sanderson Colton Parayko 50 1 4 0
2 Jaccob Slavin Nick Leddy 50 1 4 0
Penalty Kill - 3 Players Forward
Forward Time % Phy DF OF
1 Elias Lindholm 50 0 5 0
2 Lars Eller 50 0 5 0
Penalty Kill - 3 Players Defense
Defense Defense Time % Phy DF OF
1 Jake Sanderson Colton Parayko 50 0 5 0
2 Nick Leddy Jaccob Slavin 50 0 5 0
4 vs 4 Forward
Center Wing Time % Phy DF OF
1 Jack Eichel Elias Pettersson 50 0 2 3
2 Robert Thomas Jake Guentzel 50 0 2 3
4 vs 4 Defense
Defense Defense Time % Phy DF OF
1 Jake Sanderson Alex Pietrangelo 50 1 2 2
2 Colton Parayko Jaccob Slavin 50 1 2 2
Last Minutes Offensive
Center Left Wing Right Wing Defense Defense
Robert Thomas Elias Pettersson Jake Guentzel Jack Eichel Claude Giroux
Last Minutes Defensive
Center Left Wing Right Wing Defense Defense
Lars Eller Logan O'Connor Elias Lindholm Jake Sanderson Colton Parayko
Goaltenders
Starting : Connor Hellebuyck
Backup : Scott Wedgewood
Extra Forwards
Normal : Robert Thomas, Jake Guentzel, Tage Thompson - PP : Mark Stone, Dakota Joshua - PK : Robert Thomas
Extra Defensemen
Normal : Jake Sanderson, Colton Parayko, Jaccob Slavin - PP : Colton Parayko - PK : Jaccob Slavin, Colton Parayko
Penalty Shots
Elias Pettersson, Tage Thompson, Alex Tuch, Jack Eichel, Jake Guentzel
Scratches
Yanni Gourde (Healthy), Colin Blackwell (Healthy), Adam Pelech (Healthy)
Washington Capitals
5 vs 5 Forward
Center Left Wing Right Wing Time % Phy DF OF
1 Nico Hischier Alex Ovechkin Jason Robertson 40 1 1 3
2 Mikael Backlund Brad Marchand Jordan Kyrou 30 1 1 3
3 Nick Foligno Vladimir Tarasenko Owen Tippett 20 1 1 3
4 Michael McLeod Drake Batherson Fabian Zetterlund 10 1 1 3
5 vs 5 Defense
Defense Defense Time % Phy DF OF
1 John Carlson Jamie Oleksiak 37 2 3 0
2 Derek Forbort Thomas Harley 35 2 3 0
3 Ian Cole Nick Jensen 28 2 3 0
4 John Carlson Derek Forbort 0 2 3 0
PowerPlay Forward
Center Left Wing Right Wing Time % Phy DF OF
1 Nico Hischier Alex Ovechkin Jason Robertson 60 1 2 2
2 Nick Foligno Vladimir Tarasenko Jordan Kyrou 40 1 2 2
PowerPlay Defense
Defense Defense Time % Phy DF OF
1 John Carlson Thomas Harley 60 1 2 2
2 Jamie Oleksiak Derek Forbort 40 1 2 2
Penalty Kill 4 Players Forward
Center Wing Time % Phy DF OF
1 Mikael Backlund Brad Marchand 60 1 2 2
2 Michael McLeod Fabian Zetterlund 40 1 2 2
Penalty Kill 4 Players Defense
Defense Defense Time % Phy DF OF
1 Derek Forbort Jamie Oleksiak 60 1 2 2
2 Nick Jensen Ian Cole 40 1 2 2
Penalty Kill - 3 Players Forward
Forward Time % Phy DF OF
1 Mikael Backlund 60 1 2 2
2 Michael McLeod 40 1 2 2
Penalty Kill - 3 Players Defense
Defense Defense Time % Phy DF OF
1 Derek Forbort Jamie Oleksiak 60 1 2 2
2 Nick Jensen Ian Cole 40 1 2 2
4 vs 4 Forward
Center Wing Time % Phy DF OF
1 Nico Hischier Alex Ovechkin 60 1 2 2
2 Nick Foligno Jason Robertson 40 1 2 2
4 vs 4 Defense
Defense Defense Time % Phy DF OF
1 John Carlson Thomas Harley 60 1 2 2
2 Jamie Oleksiak Derek Forbort 40 1 2 2
Last Minutes Offensive
Center Left Wing Right Wing Defense Defense
Nico Hischier Alex Ovechkin Jason Robertson John Carlson Thomas Harley
Last Minutes Defensive
Center Left Wing Right Wing Defense Defense
Mikael Backlund Brad Marchand Nick Foligno Derek Forbort Jamie Oleksiak
Goaltenders
Starting : Jake Oettinger
Backup : Sergei Bobrovsky
Extra Forwards
Normal : Owen Tippett, Drake Batherson, Jordan Kyrou - PP : Owen Tippett, Fabian Zetterlund - PK : Fabian Zetterlund
Extra Defensemen
Normal : Thomas Harley, Jamie Oleksiak, Ian Cole - PP : Derek Forbort - PK : Jamie Oleksiak, Thomas Harley
Penalty Shots
Jason Robertson, Drake Batherson, John Carlson, Vladimir Tarasenko, Jordan Kyrou
Scratches
Yegor Chinakhov (Healthy), Stefan Noesen (Healthy)
% Time on Ice - St.Louis Blues
Lines # - Real PCT - Wanted PCT - Time Play
Normal Forward
1 - 38% - 40% - 19:34
2 - 28% - 30% - 14:15
3 - 23% - 25% - 11:40
4 - 12% - 5% - 6:07
Normal Defense
1 - 45% - 45% - 22:58
2 - 34% - 35% - 17:28
3 - 21% - 20% - 10:57
4 - 0% - 0% - 0:13
PP Forward
1 - 54% - 60% - 2:08
2 - 46% - 40% - 1:50
PP Defense
1 - 63% - 60% - 2:31
2 - 37% - 40% - 1:27
PK Forward
1 - 47% - 50% - 2:06
2 - 53% - 50% - 2:20
PK Defense
1 - 55% - 50% - 2:25
2 - 45% - 50% - 2:01
PK3 Forward
1 - 0% - 50%
2 - 0% - 50%
PK3 Defense
1 - 0% - 50%
2 - 0% - 50%
44 Forward
1 - 0% - 50%
2 - 0% - 50%
44 Defense
1 - 0% - 50%
2 - 0% - 50%
Last Minute Offensive - 0:00
Last Minute Defensive - 0:00
Total
Forward - 60:00
Defense - 60:00
|
% Time on Ice - Washington Capitals
Lines # - Real PCT - Wanted PCT - Time Play
Normal Forward
1 - 39% - 40% - 20:08
2 - 29% - 30% - 14:51
3 - 19% - 20% - 9:59
4 - 13% - 10% - 6:38
Normal Defense
1 - 38% - 37% - 19:31
2 - 35% - 35% - 17:57
3 - 27% - 28% - 14:08
4 - 0% - 0% - 0:00
PP Forward
1 - 58% - 60% - 2:34
2 - 42% - 40% - 1:52
PP Defense
1 - 64% - 60% - 2:51
2 - 36% - 40% - 1:35
PK Forward
1 - 82% - 60% - 3:16
2 - 18% - 40% - 0:42
PK Defense
1 - 51% - 60% - 2:01
2 - 49% - 40% - 1:57
PK3 Forward
1 - 0% - 60%
2 - 0% - 40%
PK3 Defense
1 - 0% - 60%
2 - 0% - 40%
44 Forward
1 - 0% - 60%
2 - 0% - 40%
44 Defense
1 - 0% - 60%
2 - 0% - 40%
Last Minute Offensive - 0:00
Last Minute Defensive - 0:00
Total
Forward - 60:00
Defense - 60:00
|
Play-by-Play
1st period
0:01 of 1st period - Nico Hischier wins face-off versus Elias Pettersson in neutral zone.
0:28 of 1st period - Snap shot by Jordan Kyrou.
0:28 of 1st period - Stopped by Connor Hellebuyck with a rebound.
0:38 of 1st period - Wrist shot by Jordan Kyrou.
0:38 of 1st period - Shot Blocked by Jake Guentzel.
1:06 of 1st period - Minor Penalty to Alex Pietrangelo for Goalie Interference.
1:07 of 1st period - Lars Eller wins face-off versus Jason Robertson in St.Louis Blues zone.
1:34 of 1st period - Jordan Kyrou is hit by Logan O'Connor and loses puck.
3:06 of 1st period - Penalty to Alex Pietrangelo is over, Alex Pietrangelo is back on ice.
3:44 of 1st period - Mikael Backlund is hit by Nick Leddy and loses puck.
3:57 of 1st period - Snap shot by Elias Lindholm.
3:57 of 1st period - Deflect By Drake Batherson.
3:57 of 1st period - Shot Misses the Net.
3:57 of 1st period - Puck is out of play.
3:58 of 1st period - Michael McLeod wins face-off versus Claude Giroux in Washington Capitals zone.
4:21 of 1st period - Elias Lindholm is hit by Derek Forbort and loses puck.
5:09 of 1st period - Nico Hischier is hit by Colton Parayko and loses puck.
5:18 of 1st period - Snap shot by Claude Giroux.
5:18 of 1st period - Shot Blocked by Jason Robertson.
5:20 of 1st period - Snap shot by Elias Lindholm.
5:20 of 1st period - Shot Blocked by Jamie Oleksiak.
5:24 of 1st period - Slapshot by Alex Tuch.
5:24 of 1st period - Shot Misses the Net.
5:26 of 1st period - Slapshot by Colton Parayko.
5:26 of 1st period - Deflect By Alex Tuch.
5:26 of 1st period - Stopped by Jake Oettinger with a rebound.
5:36 of 1st period - Slapshot by Alex Tuch.
5:36 of 1st period - Stopped by Jake Oettinger with a rebound.
5:38 of 1st period - Wrist shot by Elias Lindholm.
5:38 of 1st period - Shot Blocked by John Carlson.
5:40 of 1st period - Snap shot by Elias Lindholm.
5:40 of 1st period - Stopped by Jake Oettinger without a rebound.
5:41 of 1st period - Mikael Backlund wins face-off versus Jack Eichel in Washington Capitals zone.
5:41 of 1st period - Mikael Backlund is hit by Jack Eichel.
6:15 of 1st period - Icing by Ian Cole.
6:16 of 1st period - Robert Thomas wins face-off versus Nick Foligno in Washington Capitals zone.
7:04 of 1st period - Snap shot by Jordan Kyrou.
7:04 of 1st period - Shot Misses the Net.
7:06 of 1st period - Wrist shot by Brad Marchand.
7:06 of 1st period - Shot Blocked by Logan O'Connor.
7:08 of 1st period - Snap shot by Mikael Backlund.
7:08 of 1st period - Deflect By Jordan Kyrou.
7:08 of 1st period - Shot Misses the Net.
7:08 of 1st period - Puck is out of play.
7:09 of 1st period - Robert Thomas wins face-off versus Mikael Backlund in St.Louis Blues zone.
7:18 of 1st period - Snap shot by Jordan Kyrou.
7:18 of 1st period - Stopped by Connor Hellebuyck with a rebound.
7:20 of 1st period - Wrist shot by Brad Marchand.
7:20 of 1st period - Deflect By Jordan Kyrou.
7:20 of 1st period - Stopped by Connor Hellebuyck with a rebound.
7:22 of 1st period - Slapshot by John Carlson.
7:22 of 1st period - Stopped by Connor Hellebuyck with a rebound.
7:30 of 1st period - Wrist shot by Mikael Backlund.
7:30 of 1st period - Stopped by Connor Hellebuyck with a rebound.
7:48 of 1st period - Wrist shot by Brad Marchand.
7:48 of 1st period - Shot Blocked by Jake Sanderson.
7:50 of 1st period - Snap shot by Jamie Oleksiak.
7:50 of 1st period - Deflect By Jordan Kyrou.
7:50 of 1st period - Stopped by Connor Hellebuyck without a rebound.
7:51 of 1st period - Jack Eichel wins face-off versus Alex Ovechkin in St.Louis Blues zone.
7:51 of 1st period - Jack Eichel is hit by Derek Forbort.
7:57 of 1st period - Slapshot by Elias Pettersson.
7:57 of 1st period - Shot Misses the Net.
8:05 of 1st period - Slapshot by Elias Pettersson.
8:05 of 1st period - Shot Misses the Net.
8:07 of 1st period - Backhand shot by Mark Stone.
8:07 of 1st period - Shot Misses the Net.
9:40 of 1st period - Snap shot by Lars Eller.
9:40 of 1st period - Shot Misses the Net.
9:48 of 1st period - Wrist shot by Nick Foligno.
9:48 of 1st period - Shot Misses the Net.
10:06 of 1st period - Snap shot by Elias Lindholm.
10:06 of 1st period - Stopped by Jake Oettinger without a rebound.
10:07 of 1st period - Nico Hischier wins face-off versus Jack Eichel in Washington Capitals zone.
10:50 of 1st period - John Carlson is hit by Jake Guentzel and loses puck.
10:54 of 1st period - Icing by John Carlson.
10:55 of 1st period - Elias Pettersson wins face-off versus Mikael Backlund in Washington Capitals zone.
11:22 of 1st period - Backhand shot by Jordan Kyrou.
11:22 of 1st period - Stopped by Connor Hellebuyck without a rebound.
11:23 of 1st period - Claude Giroux wins face-off versus Nico Hischier in St.Louis Blues zone.
11:33 of 1st period - Snap shot by Jason Robertson.
11:33 of 1st period - Shot Blocked by Jaccob Slavin.
11:35 of 1st period - Snap shot by Alex Ovechkin.
11:35 of 1st period - Deflect By Nico Hischier.
11:35 of 1st period - Stopped by Connor Hellebuyck without a rebound.
11:36 of 1st period - Nico Hischier wins face-off versus Jack Eichel in St.Louis Blues zone.
12:08 of 1st period - Wrist shot by Tage Thompson.
12:08 of 1st period - Shot Blocked by Nick Foligno.
12:24 of 1st period - Wrist shot by Jordan Kyrou.
12:24 of 1st period - Shot Blocked by Jake Sanderson.
12:26 of 1st period - Slapshot by Derek Forbort.
12:26 of 1st period - Stopped by Connor Hellebuyck without a rebound.
12:27 of 1st period - Mikael Backlund wins face-off versus Claude Giroux in St.Louis Blues zone.
12:33 of 1st period - Icing by Colton Parayko.
12:34 of 1st period - Claude Giroux wins face-off versus Nico Hischier in St.Louis Blues zone.
13:01 of 1st period - Snap shot by Alex Tuch.
13:01 of 1st period - Stopped by Jake Oettinger with a rebound.
13:03 of 1st period - Snap shot by Elias Lindholm.
13:03 of 1st period - Shot Misses the Net.
13:05 of 1st period - Snap shot by Elias Lindholm.
13:05 of 1st period - Stopped by Jake Oettinger with a rebound.
13:07 of 1st period - Wrist shot by Claude Giroux.
13:07 of 1st period - Shot Misses the Net.
13:09 of 1st period - Snap shot by Alex Tuch.
13:09 of 1st period - Stopped by Jake Oettinger without a rebound.
13:10 of 1st period - Nick Foligno wins face-off versus Jack Eichel in Washington Capitals zone.
13:17 of 1st period - Backhand shot by Vladimir Tarasenko.
13:17 of 1st period - Stopped by Connor Hellebuyck with a rebound.
13:19 of 1st period - Snap shot by Nick Foligno.
13:19 of 1st period - Stopped by Connor Hellebuyck with a rebound.
13:25 of 1st period - Wrist shot by Nick Foligno.
13:25 of 1st period - Deflect By Vladimir Tarasenko.
13:25 of 1st period - Shot Misses the Net.
13:25 of 1st period - Puck is out of play.
13:26 of 1st period - Nico Hischier wins face-off versus Jake Guentzel in St.Louis Blues zone.
13:37 of 1st period - Snap shot by Robert Thomas.
13:37 of 1st period - Stopped by Jake Oettinger with a rebound.
13:39 of 1st period - Slapshot by Alex Pietrangelo.
13:39 of 1st period - Deflect By Jake Guentzel.
13:39 of 1st period - Stopped by Jake Oettinger without a rebound.
13:40 of 1st period - Nico Hischier wins face-off versus Jack Eichel in Washington Capitals zone.
13:48 of 1st period - Off-side.
13:49 of 1st period - Jack Eichel wins face-off versus Nico Hischier in neutral zone.
14:07 of 1st period - Snap shot by Jack Eichel.
14:07 of 1st period - Shot Misses the Net.
14:43 of 1st period - Snap shot by Elias Pettersson.
14:43 of 1st period - Shot Misses the Net.
14:47 of 1st period - Wrist shot by Elias Pettersson.
14:47 of 1st period - Deflect By Mark Stone.
14:47 of 1st period - Shot Misses the Net.
14:47 of 1st period - Puck is out of play.
14:48 of 1st period - Robert Thomas wins face-off versus Mikael Backlund in Washington Capitals zone.
15:21 of 1st period - Snap shot by Claude Giroux.
15:21 of 1st period - Shot Misses the Net.
15:49 of 1st period - Slapshot by Elias Lindholm.
15:49 of 1st period - Shot Misses the Net.
16:17 of 1st period - Snap shot by Jordan Kyrou.
16:17 of 1st period - Stopped by Connor Hellebuyck without a rebound.
16:18 of 1st period - Nico Hischier wins face-off versus Jack Eichel in St.Louis Blues zone.
16:23 of 1st period - Snap shot by Alex Ovechkin.
16:23 of 1st period - Goal by Alex Ovechkin - St.Louis Blues : 0 - Washington Capitals : 1.
16:24 of 1st period - Nico Hischier wins face-off versus Jack Eichel in neutral zone.
16:35 of 1st period - Slapshot by Jason Robertson.
16:35 of 1st period - Shot Blocked by Mark Stone.
17:25 of 1st period - Snap shot by Jason Robertson.
17:25 of 1st period - Stopped by Connor Hellebuyck without a rebound.
17:26 of 1st period - Nick Foligno wins face-off versus Jack Eichel in St.Louis Blues zone.
18:18 of 1st period - Robert Thomas is hit by Michael McLeod and loses puck.
18:45 of 1st period - Snap shot by Elias Pettersson.
18:45 of 1st period - Shot Blocked by Jamie Oleksiak.
18:47 of 1st period - Snap shot by Jack Eichel.
18:47 of 1st period - Stopped by Jake Oettinger with a rebound.
18:49 of 1st period - Slapshot by Jack Eichel.
18:49 of 1st period - Shot Blocked by Jamie Oleksiak.
18:51 of 1st period - Wrist shot by Elias Pettersson.
18:51 of 1st period - Stopped by Jake Oettinger with a rebound.
18:53 of 1st period - Slapshot by Mikhail Sergachev.
18:53 of 1st period - Shot Misses the Net.
Goals for this period are 0 for St.Louis Blues vs 1 for Washington Capitals.
Shots for this period are 11 for St.Louis Blues vs 14 for Washington Capitals.
2nd period
0:01 of 2nd period - Nico Hischier wins face-off versus Jack Eichel in neutral zone.
0:26 of 2nd period - Jake Sanderson is hit by Nick Foligno and loses puck.
0:54 of 2nd period - Snap shot by Alex Tuch.
0:54 of 2nd period - Shot Blocked by Jordan Kyrou.
0:56 of 2nd period - Snap shot by Elias Lindholm.
0:56 of 2nd period - Stopped by Jake Oettinger with a rebound.
1:38 of 2nd period - Snap shot by Alex Ovechkin.
1:38 of 2nd period - Stopped by Connor Hellebuyck with a rebound.
1:40 of 2nd period - Slapshot by Derek Forbort.
1:40 of 2nd period - Shot Misses the Net.
1:42 of 2nd period - Slapshot by Nico Hischier.
1:42 of 2nd period - Shot Blocked by Mark Stone.
1:44 of 2nd period - Backhand shot by Alex Ovechkin.
1:44 of 2nd period - Stopped by Connor Hellebuyck with a rebound.
1:46 of 2nd period - Wrist shot by Alex Ovechkin.
1:46 of 2nd period - Shot Misses the Net.
1:48 of 2nd period - Slapshot by Derek Forbort.
1:48 of 2nd period - Stopped by Connor Hellebuyck with a rebound.
2:52 of 2nd period - Wrist shot by Vladimir Tarasenko.
2:52 of 2nd period - Shot Misses the Net.
4:08 of 2nd period - Wrist shot by Nico Hischier.
4:08 of 2nd period - Shot Misses the Net.
4:19 of 2nd period - Jason Robertson is hit by Colton Parayko and loses puck.
4:30 of 2nd period - Jason Robertson is hit by Alex Tuch and loses puck.
4:41 of 2nd period - Wrist shot by Claude Giroux.
4:41 of 2nd period - Shot Misses the Net.
4:43 of 2nd period - Snap shot by Alex Tuch.
4:43 of 2nd period - Stopped by Jake Oettinger without a rebound.
4:44 of 2nd period - Owen Tippett wins face-off versus Jack Eichel in Washington Capitals zone.
4:51 of 2nd period - Wrist shot by Vladimir Tarasenko.
4:51 of 2nd period - Goal by Vladimir Tarasenko - St.Louis Blues : 0 - Washington Capitals : 2.
4:52 of 2nd period - Nico Hischier wins face-off versus Jack Eichel in neutral zone.
4:55 of 2nd period - Snap shot by Alex Ovechkin.
4:55 of 2nd period - Stopped by Connor Hellebuyck with a rebound.
5:03 of 2nd period - Nico Hischier is hit by Alex Pietrangelo and loses puck.
5:18 of 2nd period - Colton Parayko is hit by Mikael Backlund and loses puck.
5:45 of 2nd period - Wrist shot by Nick Foligno.
5:45 of 2nd period - Stopped by Connor Hellebuyck without a rebound.
5:46 of 2nd period - Nico Hischier wins face-off versus Elias Lindholm in St.Louis Blues zone.
5:47 of 2nd period - Slapshot by Alex Ovechkin.
5:47 of 2nd period - Stopped by Connor Hellebuyck with a rebound.
5:49 of 2nd period - Slapshot by Derek Forbort.
5:49 of 2nd period - Shot Blocked by Alex Tuch.
5:51 of 2nd period - Slapshot by Thomas Harley.
5:51 of 2nd period - Shot Misses the Net.
5:53 of 2nd period - Wrist shot by Alex Ovechkin.
5:53 of 2nd period - Stopped by Connor Hellebuyck without a rebound.
5:54 of 2nd period - Jack Eichel wins face-off versus Nico Hischier in St.Louis Blues zone.
6:21 of 2nd period - Wrist shot by Jason Robertson.
6:21 of 2nd period - Stopped by Connor Hellebuyck without a rebound.
6:22 of 2nd period - Jake Guentzel wins face-off versus Mikael Backlund in St.Louis Blues zone.
6:29 of 2nd period - Slapshot by Jordan Kyrou.
6:29 of 2nd period - Shot Misses the Net.
6:33 of 2nd period - Snap shot by Jordan Kyrou.
6:33 of 2nd period - Stopped by Connor Hellebuyck with a rebound.
6:56 of 2nd period - Off-side.
6:57 of 2nd period - Nico Hischier wins face-off versus Jack Eichel in neutral zone.
7:24 of 2nd period - Alex Pietrangelo is hit by Nick Foligno and loses puck.
8:03 of 2nd period - Minor Penalty to Mikael Backlund for Tripping.
8:04 of 2nd period - Robert Thomas wins face-off versus Fabian Zetterlund in Washington Capitals zone.
9:17 of 2nd period - Snap shot by Drake Batherson.
9:17 of 2nd period - Stopped by Connor Hellebuyck with a rebound.
10:03 of 2nd period - Penalty to Mikael Backlund is over, Mikael Backlund is back on ice.
10:11 of 2nd period - Nico Hischier is hit by Lars Eller and loses puck.
10:16 of 2nd period - Snap shot by Dakota Joshua.
10:16 of 2nd period - Shot Misses the Net.
10:22 of 2nd period - Dakota Joshua is hit by Jason Robertson and loses puck.
10:59 of 2nd period - Icing by Michael McLeod.
11:00 of 2nd period - Jack Eichel wins face-off versus Nico Hischier in Washington Capitals zone.
11:15 of 2nd period - Drake Batherson is hit by Alex Tuch and loses puck.
12:36 of 2nd period - Jake Sanderson is hit by Jason Robertson and loses puck.
13:13 of 2nd period - Nick Foligno is hit by Jack Eichel.
13:25 of 2nd period - Snap shot by Brad Marchand.
13:25 of 2nd period - Stopped by Connor Hellebuyck with a rebound.
13:29 of 2nd period - Snap shot by Brad Marchand.
13:29 of 2nd period - Goal by Brad Marchand - St.Louis Blues : 0 - Washington Capitals : 3.
13:30 of 2nd period - Jack Eichel wins face-off versus Nico Hischier in neutral zone.
13:35 of 2nd period - Snap shot by Elias Pettersson.
13:35 of 2nd period - Shot Hit the Post.
13:47 of 2nd period - Slapshot by Alex Ovechkin.
13:47 of 2nd period - Stopped by Connor Hellebuyck without a rebound.
13:48 of 2nd period - Mikael Backlund wins face-off versus Robert Thomas in St.Louis Blues zone.
13:52 of 2nd period - Minor Penalty to Robert Thomas for Goalie Interference.
13:53 of 2nd period - Elias Lindholm wins face-off versus Nico Hischier in St.Louis Blues zone.
15:52 of 2nd period - Penalty to Robert Thomas is over, Robert Thomas is back on ice.
16:04 of 2nd period - Michael McLeod is hit by Elias Pettersson and loses puck.
16:44 of 2nd period - Alex Pietrangelo is hit by Derek Forbort and loses puck.
17:55 of 2nd period - Vladimir Tarasenko is hit by Colton Parayko and loses puck.
18:31 of 2nd period - Off-side.
18:32 of 2nd period - Robert Thomas wins face-off versus Mikael Backlund in neutral zone.
19:03 of 2nd period - Jason Robertson is hit by Colton Parayko and loses puck.
19:45 of 2nd period - Wrist shot by Logan O'Connor.
19:45 of 2nd period - Shot Blocked by Michael McLeod.
Goals for this period are 0 for St.Louis Blues vs 2 for Washington Capitals.
Shots for this period are 2 for St.Louis Blues vs 14 for Washington Capitals.
3rd period
0:01 of 3rd period - Nico Hischier wins face-off versus Jack Eichel in neutral zone.
0:11 of 3rd period - Alex Pietrangelo is hit by Jason Robertson and loses puck.
0:35 of 3rd period - Snap shot by Brad Marchand.
0:35 of 3rd period - Goal by Brad Marchand - St.Louis Blues : 0 - Washington Capitals : 4.
0:36 of 3rd period - Jack Eichel wins face-off versus Nico Hischier in neutral zone.
0:43 of 3rd period - Backhand shot by Elias Pettersson.
0:43 of 3rd period - Stopped by Jake Oettinger without a rebound.
0:44 of 3rd period - Jack Eichel wins face-off versus Nico Hischier in Washington Capitals zone.
0:57 of 3rd period - Snap shot by Jack Eichel.
0:57 of 3rd period - Stopped by Jake Oettinger with a rebound.
0:59 of 3rd period - Wrist shot by Jack Eichel.
0:59 of 3rd period - Stopped by Jake Oettinger without a rebound.
1:00 of 3rd period - Mikael Backlund wins face-off versus Robert Thomas in Washington Capitals zone.
1:00 of 3rd period - Mikael Backlund is hit by Robert Thomas.
3:14 of 3rd period - Nick Foligno is hit by Mikhail Sergachev and loses puck.
4:03 of 3rd period - Slapshot by Elias Lindholm.
4:03 of 3rd period - Deflect By Claude Giroux.
4:03 of 3rd period - Stopped by Jake Oettinger without a rebound.
4:04 of 3rd period - Jack Eichel wins face-off versus Nico Hischier in Washington Capitals zone.
4:11 of 3rd period - Wrist shot by Jack Eichel.
4:11 of 3rd period - Deflect By Mark Stone.
4:11 of 3rd period - Shot Blocked by Thomas Harley.
4:11 of 3rd period - Puck is out of play.
4:12 of 3rd period - Nico Hischier wins face-off versus Mark Stone in Washington Capitals zone.
4:27 of 3rd period - Slapshot by Thomas Harley.
4:27 of 3rd period - Stopped by Connor Hellebuyck without a rebound.
4:28 of 3rd period - Robert Thomas wins face-off versus Mikael Backlund in St.Louis Blues zone.
4:28 of 3rd period - Robert Thomas is hit by Mikael Backlund.
5:02 of 3rd period - Snap shot by Nico Hischier.
5:02 of 3rd period - Stopped by Connor Hellebuyck without a rebound.
5:03 of 3rd period - Nico Hischier wins face-off versus Jack Eichel in St.Louis Blues zone.
5:52 of 3rd period - Vladimir Tarasenko is hit by Claude Giroux and loses puck.
6:10 of 3rd period - Off-side.
6:11 of 3rd period - Lars Eller wins face-off versus Michael McLeod in neutral zone.
6:16 of 3rd period - Snap shot by Drake Batherson.
6:16 of 3rd period - Stopped by Connor Hellebuyck without a rebound.
6:17 of 3rd period - Jack Eichel wins face-off versus Nico Hischier in St.Louis Blues zone.
6:46 of 3rd period - Slapshot by Jake Guentzel.
6:46 of 3rd period - Shot Blocked by John Carlson.
6:48 of 3rd period - Slapshot by Alex Pietrangelo.
6:48 of 3rd period - Deflect By Jake Guentzel.
6:48 of 3rd period - Stopped by Jake Oettinger without a rebound.
6:49 of 3rd period - Mikael Backlund wins face-off versus Robert Thomas in Washington Capitals zone.
7:44 of 3rd period - Fabian Zetterlund is hit by Colton Parayko and loses puck.
7:53 of 3rd period - Elias Pettersson is hit by Drake Batherson and loses puck.
8:04 of 3rd period - Wrist shot by Vladimir Tarasenko.
8:04 of 3rd period - Stopped by Connor Hellebuyck with a rebound.
8:34 of 3rd period - Slapshot by Jake Guentzel.
8:34 of 3rd period - Shot Misses the Net.
8:36 of 3rd period - Slapshot by Robert Thomas.
8:36 of 3rd period - Deflect By Tage Thompson.
8:36 of 3rd period - Stopped by Jake Oettinger without a rebound.
8:37 of 3rd period - Nico Hischier wins face-off versus Robert Thomas in Washington Capitals zone.
9:04 of 3rd period - Claude Giroux is hit by Jordan Kyrou and loses puck.
9:11 of 3rd period - Brad Marchand is hit by Claude Giroux and loses puck.
9:27 of 3rd period - Nick Leddy is hit by Drake Batherson and loses puck.
9:38 of 3rd period - Minor Penalty to Fabian Zetterlund for Holding.
9:39 of 3rd period - Mikael Backlund wins face-off versus Elias Pettersson in Washington Capitals zone.
9:39 of 3rd period - Mikael Backlund is hit by Robert Thomas.
9:52 of 3rd period - Jamie Oleksiak is hit by Jake Guentzel and loses puck.
10:31 of 3rd period - Brad Marchand is hit by Jake Guentzel and loses puck.
11:38 of 3rd period - Penalty to Fabian Zetterlund is over, Fabian Zetterlund is back on ice.
11:44 of 3rd period - Fabian Zetterlund is hit by Jake Sanderson and loses puck.
11:51 of 3rd period - Alex Tuch is hit by Nick Foligno and loses puck.
12:02 of 3rd period - Jake Sanderson is hit by Thomas Harley and loses puck.
12:27 of 3rd period - Dakota Joshua is hit by John Carlson.
12:43 of 3rd period - Nick Leddy is hit by John Carlson and loses puck.
13:05 of 3rd period - Slapshot by Mikhail Sergachev.
13:05 of 3rd period - Stopped by Jake Oettinger without a rebound.
13:06 of 3rd period - Nico Hischier wins face-off versus Jack Eichel in Washington Capitals zone.
13:11 of 3rd period - Slapshot by Nico Hischier.
13:11 of 3rd period - Shot Blocked by Elias Pettersson.
13:23 of 3rd period - Snap shot by Jack Eichel.
13:23 of 3rd period - Shot Misses the Net.
13:33 of 3rd period - Nick Jensen is hit by Tage Thompson and loses puck.
13:44 of 3rd period - Snap shot by Robert Thomas.
13:44 of 3rd period - Goal by Robert Thomas - St.Louis Blues : 1 - Washington Capitals : 4.
13:45 of 3rd period - Jack Eichel wins face-off versus Mikael Backlund in neutral zone.
14:01 of 3rd period - Icing by Jordan Kyrou.
14:02 of 3rd period - Robert Thomas wins face-off versus Jordan Kyrou in Washington Capitals zone.
14:07 of 3rd period - Wrist shot by Robert Thomas.
14:07 of 3rd period - Stopped by Jake Oettinger without a rebound.
14:08 of 3rd period - Nico Hischier wins face-off versus Jake Guentzel in Washington Capitals zone.
14:37 of 3rd period - Slapshot by Elias Pettersson.
14:37 of 3rd period - Stopped by Jake Oettinger without a rebound.
14:38 of 3rd period - Mikael Backlund wins face-off versus Jack Eichel in Washington Capitals zone.
14:38 of 3rd period - Mikael Backlund is hit by Jaccob Slavin.
14:41 of 3rd period - Icing by Jordan Kyrou.
14:42 of 3rd period - Mikael Backlund wins face-off versus Jack Eichel in Washington Capitals zone.
14:53 of 3rd period - Slapshot by Brad Marchand.
14:53 of 3rd period - Goal by Brad Marchand - St.Louis Blues : 1 - Washington Capitals : 5.
14:54 of 3rd period - Nico Hischier wins face-off versus Jack Eichel in neutral zone.
14:59 of 3rd period - Mark Stone is hit by Thomas Harley and loses puck.
15:28 of 3rd period - Snap shot by Jake Guentzel.
15:28 of 3rd period - Stopped by Jake Oettinger with a rebound.
15:30 of 3rd period - Slapshot by Colton Parayko.
15:30 of 3rd period - Shot Blocked by Derek Forbort.
15:34 of 3rd period - Snap shot by Tage Thompson.
15:34 of 3rd period - Stopped by Jake Oettinger with a rebound.
15:52 of 3rd period - Snap shot by Lars Eller.
15:52 of 3rd period - Deflect By Logan O'Connor.
15:52 of 3rd period - Stopped by Jake Oettinger without a rebound.
15:53 of 3rd period - Jack Eichel wins face-off versus Nico Hischier in Washington Capitals zone.
15:56 of 3rd period - Snap shot by Mark Stone.
15:56 of 3rd period - Stopped by Jake Oettinger without a rebound.
15:57 of 3rd period - Nico Hischier wins face-off versus Elias Pettersson in Washington Capitals zone.
16:04 of 3rd period - Snap shot by Elias Pettersson.
16:04 of 3rd period - Shot Misses the Net.
16:06 of 3rd period - Snap shot by Jack Eichel.
16:06 of 3rd period - Shot Blocked by Nico Hischier.
16:08 of 3rd period - Snap shot by Jack Eichel.
16:08 of 3rd period - Shot Misses the Net.
16:10 of 3rd period - Slapshot by Jack Eichel.
16:10 of 3rd period - Shot Misses the Net.
16:12 of 3rd period - Wrist shot by Elias Pettersson.
16:12 of 3rd period - Goal by Elias Pettersson - St.Louis Blues : 2 - Washington Capitals : 5.
16:13 of 3rd period - Jack Eichel wins face-off versus Nico Hischier in neutral zone.
16:40 of 3rd period - Alex Pietrangelo is hit by Mikael Backlund and loses puck.
16:58 of 3rd period - Icing by Colton Parayko.
16:59 of 3rd period - Robert Thomas wins face-off versus Nick Foligno in St.Louis Blues zone.
18:04 of 3rd period - Jamie Oleksiak is hit by Jaccob Slavin and loses puck.
19:03 of 3rd period - Snap shot by Nico Hischier.
19:03 of 3rd period - Shot Blocked by Elias Lindholm.
19:06 of 3rd period - Icing by Mikhail Sergachev.
19:07 of 3rd period - Nico Hischier wins face-off versus Claude Giroux in St.Louis Blues zone.
19:20 of 3rd period - Snap shot by Nico Hischier.
19:20 of 3rd period - Goal by Nico Hischier - St.Louis Blues : 2 - Washington Capitals : 6.
19:21 of 3rd period - Nico Hischier wins face-off versus Jack Eichel in neutral zone.
19:31 of 3rd period - Minor Penalty to Jack Eichel for Cross-checking.
19:32 of 3rd period - Lars Eller wins face-off versus Nico Hischier in St.Louis Blues zone.
Goals for this period are 2 for St.Louis Blues vs 3 for Washington Capitals.
Shots for this period are 15 for St.Louis Blues vs 7 for Washington Capitals.
Back to the Top